 Dungeon Crawl Stone Soup version 0.21-a0-513-gdcb3f5e (webtiles) character file.

201811 gameguard the Warrior (level 18, -11/306 HPs)
             Began as an Ogre Hunter on Dec 1, 2017.
             Was the Champion of Jiyva.
             Killed from afar by Feivoest the Cloud Mage (18 damage)
             ... with a tornado
             ... in a wizard's laboratory.
             The game lasted 02:02:56 (38044 turns).

gameguard the Warrior (Ogre Hunter)                Turns: 38044, Time: 02:02:56

Health: -11/306    AC:  7    Str: 26    XL:     18   Next: 56%
Magic:  22/22      EV: 21    Int:  9    God:    Jiyva [******]
Gold:   706        SH: 31    Dex: 35    Spells: 15/17 levels left

rFire    + . .     SeeInvis .   a - +4 morningstar (drain)
rCold    + + .     Gourm    .   x - +8 large shield of Negation {rElec}
rNeg     + . .     Faith    .   U - +0 troll leather armour
rPois    .         Spirit   .   e - +2 hat {MR+}
rElec    +         Reflect  .   n - scarf {rC+ rF+}
rCorr    +         Harm     .   (gloves unavailable)
MR       ++...                  (boots unavailable)
Stlth    ..........             P - amulet of regeneration
HPRegen  1.41/turn              r - ring "Muyqutt" {rCorr Str+3 Slay+2}
MPRegen  0.18/turn              l - ring of Viogaxaf {rN+ Dex+8}

@: berserking, flying (expiring), very slightly contaminated, very quick
A: large, unfitting armour, agile 1, blink, clever 2, cold resistance 1, tough
skin 1, jelly sensing items, sturdy frame 1
}: 1/15 runes: gossamer
a: Blink, Request Jelly, Slimify, Cure Bad Mutation, Renounce Religion


You were in a wizard's laboratory.
You worshipped Jiyva.
Jiyva was exalted by your worship.
You were very full.

You visited 6 branches of the dungeon, and saw 30 of its levels.
You also visited: Labyrinth, Sewer, Ice Cave and Wizlab.

You collected 1592 gold pieces.
You spent 886 gold pieces at shops.

Inventory:

Hand Weapons
 a - a +4 morningstar of draining (weapon)
 b - a +1 demon whip of flaming
Missiles
 c - 2 tomahawks of returning (quivered)
 F - 25 large rocks
 M - 3 throwing nets {!f}
Armour
 e - a +2 hat of magic resistance (worn)
 i - a scarf of spirit shield
 n - a scarf of resistance (worn)
 x - the +8 large shield of Negation (worn) {rElec}
   (You found it on level 4 of the Dungeon)

   It insulates you from electricity.
 R - a +0 cloak of poison resistance
 U - a +0 troll leather armour (worn)
Jewellery
 h - an uncursed ring of poison resistance
 l - the ring of Viogaxaf (right hand) {rN+ Dex+8}
   (You found it on level 4 of the Lair of Beasts)

   [ring of positive energy]

   It affects your dexterity (+8).
   It protects you from negative energy.
 r - the ring "Muyqutt" (left hand) {rCorr Str+3 Slay+2}
   (You bought it in a shop on level 2 of the Orcish Mines)

   [ring of resist corrosion]

   It affects your strength (+3).
   It affects your accuracy and damage with ranged weapons and melee attacks
   (+2).
 w - an uncursed ring of protection from magic
 O - an uncursed amulet of rage
 P - an amulet of regeneration (around neck)
 T - the ring of Cuheur {+Fly rF++ Int+3}
   (You found it on level 6 of the Lair of Beasts)

   [ring of flight]

   It affects your intelligence (+3).
   It greatly protects you from fire.
   It lets you fly.
 X - an uncursed ring of see invisible
Wands
 I - a wand of paralysis (3)
 N - a wand of digging (26)
 Q - a wand of iceblast (12)
 Y - a wand of enslavement (12)
Scrolls
 d - 18 scrolls of teleportation
 m - a scroll of silence
 p - 3 scrolls of blinking
 t - a scroll of fear
 u - 6 scrolls of remove curse
 y - 2 scrolls of fog
 z - 5 scrolls of enchant armour
 A - 4 scrolls of magic mapping
 H - 8 scrolls of immolation
 K - 6 scrolls of identify
Potions
 g - 5 potions of lignification
 k - 3 potions of flight
 o - 7 potions of haste
 s - 8 potions of curing
 v - 8 potions of brilliance
 B - a potion of cancellation
 G - a potion of mutation
 J - 2 potions of might
 L - 3 potions of heal wounds
 S - a potion of ambrosia
 W - a potion of magic
Miscellaneous
 q - a lamp of fire (inert)
 C - a phial of floods (inert)
 Z - a fan of gales
Comestibles
 f - 15 bread rations


   Skills:
 - Level 18.0 Fighting
 + Level 15.7 Maces & Flails
 - Level 12.0 Throwing
 - Level 4.0 Armour
 + Level 10.0 Dodging
 - Level 0.6 Stealth
 - Level 15.0 Shields
 - Level 6.0 Evocations


You had 15 spell levels left.
You knew the following spells:

 Your Spells              Type           Power        Failure   Level  Hunger
a - Blink                 Tloc           N/A          52%         2    ###....


Dungeon Overview and Level Annotations

Branches:
Dungeon (15/15)            Temple (1/1) D:6            Lair (6/6) D:11
 Shoals (0/4) Lair:2       Spider (4/4) Lair:4        Slime (0/5) Lair:5
    Orc (2/2) D:10            Elf (0/3) Orc:2        Vaults (2/5) D:13
 Depths (0/5) D:15
  Crypt: Vaults:2-3

Altars:
Ashenzari
Cheibriados
Dithmenos
Elyvilon
Fedhas
Gozag
Hepliaklqana
Kikubaaqudgha
Makhleb
Nemelex Xobeh
Okawaru
Qazlal
Ru
Sif Muna
Trog
Uskayaw
Vehumet
Wu Jian
Xom
Yredelemnul
Zin
The Shining One
Jiyva

Shops:
D:7 :   Orc:2 *(%=   Vaults:1 [   Vaults:2 *

Annotations:
D:3 slep's ghost, amateur DsGl


Innate Abilities, Weirdness & Mutations

You are too large for most types of armour.
You have tough skin. (AC +1)
You are agile. (Dex +2)
You can translocate small distances at will.
Your mind is very acute. (Int +4)
Your flesh is cold resistant. (rC+)
You have a small jelly attached to you that senses nearby items.
Your movements are slightly less encumbered by armour. (ER -2)


Message History

The damp floor, spattered with blood.
A red film seems to cover your vision as you go berserk!
You feel yourself moving faster!
You feel mighty!
You are engulfed in blazing flames.
You resist.
* * * LOW HITPOINT WARNING * * *
x2 Feivoest waves his arms in wide circles.
The air twists around and violently strikes you in flight!
* * * LOW HITPOINT WARNING * * *
You hit Feivoest. You drain Feivoest!
Feivoest is moderately wounded.
You are engulfed in raging winds.
* * * LOW HITPOINT WARNING * * *
You block Feivoest's attack.
You closely miss Feivoest.
Feivoest is moderately wounded.
You are engulfed in raging winds.
You barely miss Feivoest.
Feivoest is moderately wounded.
You are engulfed in raging winds.
You die...

..≈≈≈≈≈≈≈≈≈≈≈≈≈≈≈≈≈≈≈≈≈≈≈≈≈≈...##
≈≈≈≈≈≈≈####################≈≈≈...
≈≈≈≈≈### #################≈≈≈≈≈.
≈≈≈### ##§§#§§#§§#§§#§.##≈≈≈≈≈≈
≈≈## #§§§§§§§§§§§§§§§§#≈≈≈≈≈≈ ≈≈#
∆∆∆ #§§§§§§.§§§§§§§§§#≈≈≈≈≈≈ ≈##
#§§§§.§§§§§§.§§.§#†≈≈≈≈≈ ≈#
+.§§§§§§@§§§§§.§§†...... ≈##
#.§§§§§@§§§§§§§§§#≈≈≈≈≈† ≈≈#
#§§§§§§§§§§§.§§§.#≈≈≈≈≈≈ ≈≈##
#§§§§§§§§§§§§§§§.#≈≈≈≈≈≈ ≈≈≈###
##§§#§§#.§#§§#§§##≈≈≈≈≈≈ ≈≈≈≈≈#
#################≈≈≈≈≈. ≈≈≈≈≈≈
#≈≈≈... ..≈≈≈≈ ≈≈...## #.....
...###≈ ######


You could see Feivoest the Cloud Mage.

Vanquished Creatures
  Nikola (Spider:4)
  Arachne (Spider:3)
  Gastronok (Lair:2)
  Agnes (Spider:3)
  6 ghost moths
  An orc warlord (Orc:1)
  9 emperor scorpions
  4 ironheart preservers
  An entropy weaver (Spider:1)
  Nessos (D:15)
  2 very ugly things (IceCv)
  5 dire elephants
  2 spark wasps
  A blizzard demon (WizLab)
  A minotaur (Lab)
  An ettin (Vaults:1)
  An ice dragon (Vaults:1)
  3 yaktaur captains
  Harold (D:10)
  6 hydras
  2 rakshasas
  A vault guard (D:13)
  A ghost crab (WizLab)
  An anaconda (Lair:6)
  13 two-headed ogres
  A death knight (D:14)
  A centaur warrior (Vaults:1)
  The ghost of RighteousDevil the Cleaver, a novice HOFi of Zin (D:10)
  6 death yaks (Lair:6)
  4 ogre magi
  An orc high priest (Orc:1)
  2 shock serpents (WizLab)
  3 fire crabs (WizLab)
  4 skeletal warriors
  2 death drakes (WizLab)
  An unseen horror (D:14)
  A wizard (Vaults:1)
  Pikel (D:7)
  7 ironbrand convokers
  5 orc knights
  16 orb spiders
  28 ugly things
  A necromancer (Vaults:1)
  3 manticores
  An oklob plant (Lair:6)
  7 cyclopes
  An orc sorcerer (Orc:1)
  A salamander (shapeshifter) (Vaults:1)
  4 elephants (Lair:6)
  A moth of wrath (Spider:4)
  20 wolf spiders
  6 apocalypse crabs (WizLab)
  A torpor snail (Lair:6)
  3 black mambas
  2 vault sentinels (Vaults:1)
  5 ice statues (IceCv)
  2 centaur zombies
  2 centaur skeletons
  A human skeleton (Vaults:1)
  11 spiny frogs
  A gargoyle (D:13)
  9 komodo dragons
  3 kobold demonologists
  A freezing wraith (Vaults:2)
  3 rime drakes
  2 golden dragon simulacra (IceCv)
  An efreet (D:13)
  16 yaktaurs
  8 demonic crawlers
  A queen bee (shapeshifter) (D:15)
  A polar bear (Lair:4)
  A tengu conjurer (D:15)
  39 jumping spiders
  Grinder (D:4)
  A wolf spider simulacrum (D:14)
  3 wind drakes (WizLab)
  3 trolls
  4 hornets (Spider:1)
  16 blink frogs
  7 dream sheep (Lair:4)
  A blink frog (shapeshifter) (D:15)
  21 hippogriffs
  12 air elementals (WizLab)
  A shadow (D:13)
  54 yaks
  A centaur simulacrum (D:12)
  61 redbacks
  A dire elephant simulacrum (IceCv)
  2 vampires
  27 tarantellas
  A fire elemental (Lair:5)
  2 fire bats (Lair:5)
  5 basilisks
  3 wyverns
  A human (D:14)
  3 steam dragons
  A hungry ghost (D:12)
  8 vampire mosquitoes
  6 wargs
  A harpy simulacrum (IceCv)
  13 water moccasins
  Edmund (D:5)
  An iron troll simulacrum (IceCv)
  A hydra simulacrum (IceCv)
  An acid dragon (Vaults:1)
  9 porcupines
  2 slaves (D:7)
  37 orc warriors
  10 ice beasts
  8 sky beasts
  A phantom (D:13)
  4 necrophages
  4 black bears
  18 ogres
  6 wolves (Lair:1)
  14 centaurs
  2 ettin simulacra (IceCv)
  An elf skeleton (Vaults:1)
  8 crocodiles
  4 big kobolds
  Blork the orc (D:4)
  17 bullfrogs
  A wyvern skeleton (D:13)
  2 scorpions
  A water moccasin skeleton (D:7)
  7 killer bees
  9 wights
  4 howler monkeys
  2 electric eels
  5 crimson imps
  A bullfrog zombie (D:7)
  A wyvern simulacrum (D:14)
  4 bullfrog skeletons
  7 hounds
  A jelly (D:4)
  17 orc priests
  16 orc wizards
  3 iguanas
  8 worker ants
  A killer bee zombie (D:5)
  A hound zombie (D:11)
  A worker ant zombie (D:5)
  Robin (D:2)
  7 gnolls
  31 adders
  3 shadow imps
  9 oozes
  An adder zombie (D:5)
  6 worms
  2 dart slugs
  17 leopard geckos
  89 orcs
  7 bats
  5 bat zombies (D:4)
  19 giant cockroaches
  23 goblins
  10 hobgoblins
  25 jackals
  8 quokkas
  12 ball pythons
  16 frilled lizards
  29 kobolds
  11 rats
  2 rat zombies (D:4)
  A fungus (Lair:6)
  4 plants (Lair:6)
1149 creatures vanquished.

Vanquished Creatures (collateral kills)
  Aizul (Spider:4)
  An entropy weaver (Spider:1)
  2 orb spiders (Spider:1)
  2 redbacks (Spider:1)
  An air elemental (WizLab)
  A tarantella (Spider:3)
8 creatures vanquished.

Vanquished Creatures (others)
  A spark wasp (WizLab)
  A blizzard demon (WizLab)
  A centaur warrior (D:14)
  An orc knight (Vaults:1)
  A wolf spider (Spider:1)
  A jumping spider (Spider:1)
  A human skeleton (Vaults:1)
  An efreet (D:14)
  A yaktaur (Vaults:1)
  A tengu conjurer (D:15)
  A polar bear (shapeshifter) (D:14)
  7 slime creatures (Vaults:1)
  An air elemental (WizLab)
  4 redbacks
  A spriggan (D:14)
  A yak (Lair:5)
  101 jellies
  A naga (shapeshifter) (Vaults:1)
  An acid dragon (Vaults:1)
  A hydra simulacrum (IceCv)
  2 orc warriors (Orc:2)
  A crocodile (Lair:5)
  A crimson imp (D:13)
  An orc wizard (D:5)
  2 worms (Lair:4)
  2 orcs
  A bush (Lair:1)
  42 fungi
  50 plants
231 creatures vanquished.

Grand Total: 1388 creatures vanquished

Notes
Turn   | Place    | Note
-------+----------+-------------------------------------------
     0 | D:1      | gameguard the Ogre Hunter began the quest for the Orb.
     0 | D:1      | Reached XP level 1. HP: 22/22 MP: 1/1
   114 | D:1      | Reached skill level 3 in Fighting
   274 | D:1      | Reached XP level 2. HP: 18/31 MP: 2/2
   961 | D:1      | Reached XP level 3. HP: 37/37 MP: 3/3
  1391 | D:2      | Reached skill level 1 in Maces & Flails
  1509 | D:2      | Reached skill level 4 in Fighting
  1791 | D:2      | Reached XP level 4. HP: 48/48 MP: 4/4
  2456 | D:2      | Noticed Robin
  2887 | D:2      | Killed Robin
  2991 | D:3      | Noticed slep's ghost (amateur DsGl)
  3044 | D:3      | Reached skill level 5 in Fighting
  3044 | D:3      | Reached XP level 5. HP: 57/57 MP: 5/5
  4023 | D:2      | Reached skill level 5 in Throwing
  4640 | D:3      | Found a faded altar of an unknown god.
  5134 | D:4      | Noticed Grinder
  5207 | D:4      | Found a glowing drain.
  5217 | D:4      | Reached XP level 6. HP: 57/67 MP: 6/6
  5252 | Sewer    | Entered a sewer
  5283 | Sewer    | Reached skill level 6 in Fighting
  6462 | Sewer    | Reached skill level 7 in Fighting
  6462 | Sewer    | Reached XP level 7. HP: 52/78 MP: 7/7
  6921 | D:4      | Paralysed by Grinder for 3 turns
  6942 | D:4      | Killed Grinder
  6942 | D:4      | Reached skill level 8 in Fighting
  7053 | D:4      | Noticed Blork the orc
  7056 | D:4      | Killed Blork the orc
  7278 | D:4      | Reached XP level 8. HP: 73/89 MP: 8/8
  7629 | D:4      | Found an ancient bone altar of Kikubaaqudgha.
  7698 | D:4      | Got a dazzling large shield
  7706 | D:4      | Identified the +8 large shield of Negation {rElec} (You found it on level 4 of the Dungeon)
  7752 | D:5      | Entered Level 5 of the Dungeon
  7783 | D:5      | Noticed Edmund
  7813 | D:5      | Killed Edmund
  7813 | D:5      | Reached skill level 1 in Shields
  7850 | D:5      | Reached skill level 9 in Fighting
  8008 | D:5      | HP: 3/92 [water moccasin (9)]
  8771 | D:5      | Reached XP level 9. HP: 98/101 MP: 9/9
  8792 | D:5      | Found a glowing silver altar of Zin.
  8792 | D:5      | Found a shimmering altar of Xom.
  8792 | D:5      | Noticed an angel
  8936 | D:5      | Noticed a moth of wrath
  8970 | D:5      | Got a scorched falchion {drain}
  9083 | D:5      | Found a bloodstained altar of Trog.
  9292 | D:5      | Identified the cursed +1 falchion of Rotation {drain, rElec rF- Dex+2} (You took it off a crimson imp on level 5 of the Dungeon)
  9308 | D:5      | Reached skill level 10 in Fighting
  9843 | D:6      | Found a staircase to the Ecumenical Temple.
  9848 | Temple   | Entered the Ecumenical Temple
 10253 | D:6      | Found a blossoming altar of Fedhas.
 10585 | D:6      | Found a hide-covered altar of Uskayaw.
 10996 | D:7      | Noticed Pikel
 11012 | D:7      | Killed Pikel
 11012 | D:7      | Reached skill level 5 in Shields
 11369 | D:7      | Gained mutation: Scrolls take you a little longer to read. [mutagenic meat]
 11370 | D:7      | Gained mutation: You are robust. (+10% HP) [mutagenic meat]
 11371 | D:7      | Gained mutation: You tend to lose your temper in combat. [mutagenic meat]
 11372 | D:7      | Gained mutation: Your muscles are strong. (Str +2) [mutagenic meat]
 11373 | D:7      | Lost mutation: You tend to lose your temper in combat. [potion of mutation]
 11373 | D:7      | Lost mutation: Scrolls take you a little longer to read. [potion of mutation]
 11373 | D:7      | Lost mutation: You are robust. (+10% HP) [potion of mutation]
 11373 | D:7      | Gained mutation: Your system is resistant to poisons. (rPois) [potion of mutation]
 11373 | D:7      | Lost mutation: Your system is resistant to poisons. (rPois) [potion of mutation]
 11373 | D:7      | Gained mutation: You are partially covered in iridescent scales. (AC +2) [potion of mutation]
 11381 | D:7      | Reached skill level 5 in Maces & Flails
 11492 | D:7      | Found Kett's Book Emporium.
 11502 | D:7      | Reached XP level 10. HP: 110/110 MP: 10/10
 11758 | D:7      | Found a white marble altar of Elyvilon.
 12475 | D:8      | Noticed a two-headed ogre
 12497 | D:7      | Killed a two-headed ogre
 13353 | D:9      | Found a glowing golden altar of the Shining One.
 13354 | D:9      | Noticed a two-headed ogre
 13371 | D:9      | Killed a two-headed ogre
 13371 | D:9      | Reached skill level 1 in Evocations
 13471 | D:9      | Got a brightly glowing rapier
 13639 | D:9      | Noticed a manticore
 13653 | D:9      | Killed a manticore
 14302 | D:10     | Entered Level 10 of the Dungeon
 14303 | D:10     | Noticed RighteousDevil's ghost (novice HOFi)
 14351 | D:9      | Reached XP level 11. HP: 111/117 MP: 12/12
 14413 | D:10     | Noticed Harold
 14421 | D:10     | Killed Harold
 14524 | D:10     | Killed RighteousDevil's ghost
 14834 | D:10     | Noticed a two-headed ogre
 14836 | D:10     | Killed a two-headed ogre
 14836 | D:10     | Reached skill level 10 in Shields
 15139 | D:10     | Found a staircase to the Orcish Mines.
 15380 | D:11     | Found a staircase to the Lair.
 15552 | D:11     | Found a labyrinth entrance.
 15568 | D:11     | Learned a level 2 spell: Blink
 15586 | Lab      | Entered a labyrinth
 15910 | Lab      | Noticed a minotaur
 15924 | Lab      | Killed a minotaur
 15933 | Lab      | Got a faintly glowing scimitar
 15933 | Lab      | Got a transparent marble ring
 15936 | Lab      | Identified the ring of Panentheism {Fire -Tele rPois Dex+4} (You found it in a labyrinth)
 15952 | Lab      | Got a smoking robe
 15980 | D:11     | Identified the cursed +1 robe "Norraug" {Slay+2} (You found it in a labyrinth)
 15980 | D:11     | Identified the +2 scimitar "Jued" {freeze, Str+3} (You found it in a labyrinth)
 15985 | D:11     | Identified the +3 rapier "Nyamis" {flame, rF+ Dex+2} (You found it on level 9 of the Dungeon)
 16321 | D:11     | Noticed a white ugly thing
 16340 | D:11     | Killed a white ugly thing
 16340 | D:11     | Reached skill level 11 in Fighting
 16340 | D:11     | Reached XP level 12. HP: 102/130 MP: 15/15
 16702 | Lair:1   | Entered Level 1 of the Lair of Beasts
 18001 | Lair:2   | Noticed a five-headed hydra
 18005 | Lair:2   | Killed a five-headed hydra
 18150 | Lair:2   | Reached skill level 12 in Fighting
 18285 | Lair:2   | Found a staircase to the Shoals.
 18293 | Lair:2   | Noticed Gastronok
 18307 | Lair:2   | Killed Gastronok
 18307 | Lair:2   | Reached skill level 10 in Throwing
 18775 | Lair:2   | Reached skill level 10 in Maces & Flails
 19116 | Lair:2   | Reached XP level 13. HP: 140/140 MP: 16/16
 20343 | Lair:4   | Got a translucent iron ring
 20352 | Lair:4   | Identified the ring of Viogaxaf {rN+ Dex+8} (You found it on level 4 of the Lair of Beasts)
 20750 | Lair:5   | Reached skill level 13 in Fighting
 20817 | Lair:5   | Found a viscous altar of Jiyva.
 20818 | Lair:5   | Found a staircase to the Slime Pits.
 20848 | Lair:6   | Entered Level 6 of the Lair of Beasts
 21610 | Lair:6   | Reached skill level 14 in Fighting
 21612 | Lair:6   | Reached XP level 14. HP: 76/156 MP: 17/17
 22837 | Lair:6   | Noticed a dire elephant
 22849 | Lair:6   | Killed a dire elephant
 22958 | Lair:6   | Noticed a dire elephant
 22973 | Lair:6   | Killed a dire elephant
 23027 | Lair:6   | Noticed a dire elephant
 23027 | Lair:6   | Noticed a dire elephant
 23045 | Lair:6   | Killed a dire elephant
 23054 | Lair:6   | Killed a dire elephant
 23335 | Lair:6   | Identified the Compendium of Creation
 23342 | Lair:6   | Identified the ring of Cuheur {+Fly rF++ Int+3} (You found it on level 6 of the Lair of Beasts)
 23458 | Lair:5   | Became a worshipper of Jiyva Jirische the Shapeless
 23565 | Lair:5   | Reached * piety under Jiyva
 24035 | Lair:5   | Reached ** piety under Jiyva
 24292 | Lair:4   | Reached *** piety under Jiyva
 24310 | Lair:4   | Found a hole to the Spider Nest.
 24961 | Lair:3   | Gained mutation: You passively map a small area around you. [Jiyva's grace]
 25616 | Orc:1    | Entered Level 1 of the Orcish Mines
 25730 | Orc:1    | Noticed an orc warlord
 25753 | Orc:1    | Reached skill level 5 in Evocations
 25756 | Orc:1    | Killed an orc warlord
 26226 | Orc:1    | Reached **** piety under Jiyva
 26235 | Orc:1    | Lost mutation: Your muscles are strong. (Str +2) [Jiyva's grace]
 26252 | Orc:2    | Entered Level 2 of the Orcish Mines
 26311 | Orc:2    | Reached ***** piety under Jiyva
 26314 | Orc:2    | Gained mutation: Your muscles are strong. (Str +2) [Jiyva's grace]
 26425 | Orc:2    | Reached XP level 15. HP: 128/163 MP: 19/19
 26469 | Orc:2    | Found Serrypn's Food Shoppe.
 26469 | Orc:2    | Found Ykathroq's Antique Weapon Shop.
 26499 | Orc:2    | Found Hubymief's Assorted Antiques.
 26501 | Orc:2    | Found Deiceam's Jewellery Emporium.
 26508 | Orc:2    | Bought a scroll labeled XASUJO MOTOAWK for 18 gold pieces
 26508 | Orc:2    | Bought a scroll labeled BYHINW KOAXZE for 18 gold pieces
 26515 | Orc:2    | Bought the ring "Muyqutt" {rCorr Str+3 Slay+2} for 625 gold pieces
 26516 | Orc:2    | Bought an uncursed ring of see invisible for 225 gold pieces
 26810 | Orc:2    | Found a staircase to the Elven Halls.
 26817 | Orc:2    | Gained mutation: You are somewhat resistant to further mutation. [Jiyva's grace]
 26848 | Orc:2    | Lost mutation: Your muscles are strong. (Str +2) [Jiyva's grace]
 26866 | Orc:2    | Reached ****** piety under Jiyva
 26902 | Orc:2    | Gained mutation: You expend magic power (3 MP) to strengthen your wands. [Jiyva's grace]
 26913 | Orc:2    | Gained mutation: Your movements are slightly less encumbered by armour. (ER -2) [Jiyva's grace]
 27256 | Orc:1    | Gained mutation: Your rubbery body absorbs attacks. (AC +1, EV +1) [Jiyva's grace]
 27292 | D:10     | Gained mutation: Your body has grown golden eyes which may confuse attackers. (Acc +3) [Jiyva's grace]
 27614 | D:12     | Gained mutation: Your mind is acute. (Int +2) [Jiyva's grace]
 27626 | D:12     | Gained mutation: Scrolls take you a little longer to read. [Jiyva's grace]
 28164 | D:13     | Gained mutation: You are partially covered in thin metallic scales. (AC +2) [Jiyva's grace]
 28568 | D:13     | Found a gate to the Vaults.
 29208 | D:14     | Lost mutation: You expend magic power (3 MP) to strengthen your wands. [Jiyva's grace]
 29303 | D:14     | Identified a scroll of acquirement
 29642 | D:14     | Gained mutation: Your translucent skin slightly reduces your foes' accuracy. (Stealth) [Jiyva's grace]
 29721 | D:15     | Entered Level 15 of the Dungeon
 29891 | D:14     | Lost mutation: Your body has grown golden eyes which may confuse attackers. (Acc +3) [Jiyva's grace]
 29966 | D:14     | Lost mutation: Your rubbery body absorbs attacks. (AC +1, EV +1) [mutagenic meat]
 30236 | D:15     | Upgraded the game from 0.21-a0-509-gecc5317 to 0.21-a0-513-gdcb3f5e
 30453 | D:15     | Found a staircase to the Depths.
 30585 | D:15     | Lost mutation: Your translucent skin slightly reduces your foes' accuracy. (Stealth) [Jiyva's grace]
 30739 | D:15     | Noticed Nessos
 30752 | D:15     | Killed Nessos
 31082 | Spider:1 | Entered Level 1 of the Spider Nest
 31202 | Spider:1 | Reached XP level 16. HP: 122/174 MP: 20/20
 31305 | Spider:1 | Reached skill level 5 in Dodging
 31335 | Spider:1 | Gained mutation: Your mind is very acute. (Int +4) [Jiyva's grace]
 31458 | Spider:1 | Lost mutation: Scrolls take you a little longer to read. [Jiyva's grace]
 31465 | Spider:1 | Reached skill level 15 in Fighting
 31510 | Spider:1 | Lost mutation: You are partially covered in iridescent scales. (AC +2) [Jiyva's grace]
 32098 | Spider:1 | Gained mutation: Your flesh is cold resistant. (rC+) [Jiyva's grace]
 32476 | Spider:2 | Gained mutation: You are covered in slimy tendrils that may disarm your opponents. [Jiyva's grace]
 33086 | Spider:2 | Lost mutation: You are covered in slimy tendrils that may disarm your opponents. [Jiyva's grace]
 33200 | Spider:3 | Noticed Agnes
 33201 | Spider:3 | Noticed Arachne
 33209 | Spider:3 | Killed Agnes
 33224 | Spider:3 | Killed Arachne
 33275 | Spider:3 | Found a frozen archway.
 33276 | Spider:3 | Gained mutation: You have a somewhat thin skeletal structure. (Dex +2, Stealth) [Jiyva's grace]
 33286 | IceCv    | Entered an ice cave
 33678 | IceCv    | Reached skill level 1 in Armour
 33768 | Spider:3 | Reached XP level 17. HP: 186/187 MP: 21/21
 33863 | Spider:3 | Reached skill level 15 in Shields
 33984 | Spider:3 | Lost mutation: You are somewhat resistant to further mutation. [Jiyva's grace]
 34014 | Spider:3 | Reached skill level 16 in Fighting
 34317 | Spider:4 | Entered Level 4 of the Spider Nest
 34463 | Spider:4 | Noticed Nikola
 34490 | Spider:4 | Killed Nikola
 34557 | Spider:4 | Noticed Aizul
 34576 | Spider:4 | Killed Aizul
 34798 | Spider:4 | Gained mutation: You can translocate small distances at will. [Jiyva's grace]
 35474 | Spider:4 | Got a gossamer rune of Zot
 35503 | Spider:4 | Gained mutation: You have sharp toenails. [Jiyva's grace]
 35811 | Lair:3   | Gained mutation: You have acidic saliva. [Jiyva's grace]
 36028 | Vaults:1 | Entered Level 1 of the Vaults
 36140 | Vaults:1 | Reached skill level 17 in Fighting
 36254 | Vaults:1 | Lost mutation: You are partially covered in thin metallic scales. (AC +2) [Jiyva's grace]
 36292 | Vaults:1 | Reached skill level 15 in Maces & Flails
 36363 | Vaults:1 | Gained mutation: You are agile. (Dex +2) [Jiyva's grace]
 36425 | Vaults:1 | Reached XP level 18. HP: 201/201 MP: 22/22
 36431 | Vaults:1 | Lost mutation: You have sharp toenails. [Jiyva's grace]
 36698 | Vaults:1 | Lost mutation: You passively map a small area around you. [Jiyva's grace]
 36750 | Vaults:1 | Lost mutation: You have a somewhat thin skeletal structure. (Dex +2, Stealth) [Jiyva's grace]
 36758 | Vaults:1 | Gained mutation: Scrolls take you a little longer to read. [Jiyva's grace]
 36760 | Vaults:1 | Found Vipeh's Antique Armour Shop.
 37042 | Vaults:1 | Lost mutation: You have acidic saliva. [Jiyva's grace]
 37398 | Vaults:2 | Reached skill level 18 in Fighting
 37443 | Vaults:2 | Found Hyqiusy's Assorted Antiques.
 37455 | Vaults:2 | Found a magical portal.
 37467 | Vaults:2 | Gained mutation: You have a small jelly attached to you that senses nearby items. [Jiyva's grace]
 37484 | WizLab   | Entered The Chambers of the Cloud Mage
 37962 | WizLab   | Lost mutation: Scrolls take you a little longer to read. [Jiyva's power]
 37966 | WizLab   | Reached skill level 10 in Dodging
 37971 | WizLab   | Noticed Feivoest
 38042 | WizLab   | HP: 6/306 [Feivoest the Cloud Mage/tornado (31)]
 38044 | WizLab   | Killed from afar by Feivoest the Cloud Mage

Vault maps used:
D:1:      tarquinn_simple_flora_water_f
D:2:      cheibrodos_greedy_goblins, uniq_robin
D:3:      chequers_ecumenical_altar_simple
D:4:      lemuel_zombie_altar_kikubaaqudgha, first_bread,
          cheibrodos_sewer_entry_bend, uniq_blork_the_orc, uniq_grinder
D:5:      grunt_temple_overflow_order_and_chaos_1, tgw_trog, uniq_edmund
D:6:      kennysheep_mini_moat, fedhas_altar_4, minmay_temple_entry_trees
D:7:      lemuel_round_altar, serial_shops, nicolae_shop_trees, uniq_pikel
D:9:      basic_altar
D:10:     hiddenorc1_lemuel, uniq_harold
D:11:     lair_entry_dummy, lab_entry_generic
D:13:     david_vaults_5
D:14:     hangedman_stone_soup, bh_walls_and_bars
D:15:     hangedman_depths_entry_try_elsewhere_first, serial_bayou_pond_a,
          uniq_nessos
Temple:   regret_index_temple_generic_petals
Lair:1:   minmay_lair_venomous_thicket, grunt_megastairs_3
Lair:2:   minmay_shoals_entry_beasts, st_stairs_11, uniq_gastronok
Lair:3:   hibernation_bobbens
Lair:4:   nicolae_spider_entry_non_spiders
Lair:5:   slime_altar_1, lemuel_another_geyser
Lair:6:   due_jungle_book, minmay_lair_oklob_bushes, st_stairs_9,
          serial_bayou_shore_a
Spider:1: hangedman_spider_trapstep
Spider:3: portal_ice_cave_entry_pillars_three, spider_trap, uniq_agnes,
          uniq_arachne
Spider:4: grunt_spider_rune_circles, guppyfry_spider_mini_2,
          nicolae_spider_cling_ruins, uniq_aizul, uniq_nikola
Orc:1:    nicolae_orc_flooded_monolith
Orc:2:    st_orc_rangers, mines2_lemuel
Vaults:1: nicolae_vaults_little_squares_5, ontoclasm_vaults_ligature, v_rooms_3,
          v_misc_26, nicolae_vaults_little_squares_6, vaults_mumra_hexcomb,
          dpeg_vaults_monster_box, vaults_dpeg_encased_lava, serial_shops,
          nicolae_shop_window_shopping
Vaults:2: nicolae_vaults_ring_of_whatevers, vaults_dpeg_hooks,
          ontoclasm_vaults_shuriken, vaults_dpeg_ring, vaults_room_corners,
          v_misc_15, v_alt_pattern_1, v_misc_27, vaults_standard_mumra_x,
          serial_shops, shop, mu_enter_wizlab_6
Lab:      nicolae_lab_big_swirl, nicolae_lab_t_cross, nicolae_lab_flowing_pool,
          labyrinth_skeletal_remains
Sewer:    sewer_frog_island_02
IceCv:    ice_cave_statue_garden_chambered
WizLab:   wizlab_cloud

Skill      XL: |  1  2  3  4  5  6  7  8  9 10 11 12 13 14 15 16 17 18 |
---------------+-------------------------------------------------------+-----
Fighting       | 3 4 5 7 8 9 10 11 12 14 15 17 18 | 18.0
Maces & Flails | 1 2 3 4 5 6 8 10 11 12 13 14 15 | 15.7
Throwing       | 5 6 7 8 10 11 12 | 12.0
Shields        | 3 6 9 10 11 12 13 14 15 | 15.0
Evocations     | 2 4 5 6 |  6.0
Dodging        | 4 6 8 10 | 10.0
Armour         | 1 4 |  4.0
Stealth        | |  0.6

Action                   |  1- 3 |  4- 6 |  7- 9 | 10-12 | 13-15 | 16-18 || total
-------------------------+-------+-------+-------+-------+-------+-------++-------
Melee: Whip              |    75 |    87 |       |       |       |       ||   162
       Short sword       |     5 |       |       |       |       |       ||     5
       Flail             |       |       |   170 |       |       |       ||   170
       Morningstar       |       |       |    75 |   618 |  1291 |  1429 ||  3413
       Falchion          |       |       |     9 |       |       |       ||     9
       Kick              |       |       |       |       |       |   134 ||   134
       Bite              |       |       |       |       |       |    76 ||    76
 Fire: Hunting sling     |    91 |   352 |   240 |    49 |       |       ||   732
       Blowgun           |       |       |       |     5 |     2 |     2 ||     9
Throw: Large rock        |     4 |    22 |    18 |     9 |     7 |    14 ||    74
       Throwing net      |       |     3 |       |       |       |       ||     3
       Tomahawk          |       |       |       |    38 |   103 |   114 ||   255
 Cast: Blink             |       |       |       |       |     1 |       ||     1
Invok: Request Jelly     |       |       |       |       |     1 |       ||     1
       Cure Bad Mutation |       |       |       |       |       |     1 ||     1
Evoke: Wand              |       |       |       |     3 |    28 |    28 ||    59
       Phantom mirror    |       |       |       |     1 |       |     1 ||     2
       Lamp of fire      |       |       |       |       |     2 |     3 ||     5
       Phial of floods   |       |       |       |       |       |     4 ||     4
  Use: Scroll            |       |     7 |    10 |    12 |    11 |     4 ||    44
       Potion            |       |     2 |     4 |       |       |     4 ||    10
 Stab: Distracted        |       |       |       |     2 |     5 |     4 ||    11
       Sleeping          |       |       |       |     1 |     7 |     4 ||    12
       Confused          |       |       |       |     1 |     4 |       ||     5
       Paralysed         |       |       |       |       |    10 |    19 ||    29
  Eat: Chunk             |     2 |    15 |    12 |    17 |    26 |       ||    72
       Royal jelly       |       |       |     2 |     2 |     3 |       ||     7
       Meat ration       |       |       |     1 |       |       |       ||     1
       Fruit             |       |       |       |     4 |     1 |       ||     5
Armor: Robe              |    29 |    62 |    58 |    94 |   141 |       ||   384
       Troll leather arm |       |       |       |       |    16 |   141 ||   157
Dodge: Dodged            |    55 |   149 |    69 |    89 |   184 |   433 ||   979
Block: Large shield      |       |       |   409 |   746 |  1471 |  1774 ||  4400
       Rpst.: Falchion   |       |       |     1 |       |       |       ||     1

Table legend:
 A = Spawn XP
 B = Non-spawn XP
 C = Spawn XP percentage of total XP
 D = Spawn monster count
 E = Non-spawn monster count
 F = Spawn count percentage of total count
 G = Total turns spent on level
                    A         B        C        D         E        F      G
               +---------+---------+-------+---------+---------+-------+---------
         Total |       0 |  284529 |   0.0 |       0 |    1158 |   0.0 | 38044
               +---------+---------+-------+---------+---------+-------+---------
           D:1 |       0 |      48 |   0.0 |       0 |      27 |   0.0 |  1438
           D:2 |       0 |     142 |   0.0 |       0 |      47 |   0.0 |  2178
           D:3 |       0 |     123 |   0.0 |       0 |      23 |   0.0 |  1625
           D:4 |       0 |     553 |   0.0 |       0 |      21 |   0.0 |  1093
           D:5 |       0 |    1472 |   0.0 |       0 |      39 |   0.0 |  2025
           D:6 |       0 |     381 |   0.0 |       0 |      14 |   0.0 |   891
           D:7 |       0 |    3003 |   0.0 |       0 |      30 |   0.0 |  1605
           D:8 |       0 |     464 |   0.0 |       0 |      17 |   0.0 |   740
           D:9 |       0 |    2600 |   0.0 |       0 |      24 |   0.0 |  1066
          D:10 |       0 |    4635 |   0.0 |       0 |      49 |   0.0 |  1197
          D:11 |       0 |    4301 |   0.0 |       0 |      40 |   0.0 |  1109
          D:12 |       0 |    5133 |   0.0 |       0 |      31 |   0.0 |   529
          D:13 |       0 |   11991 |   0.0 |       0 |      44 |   0.0 |  1194
          D:14 |       0 |    9050 |   0.0 |       0 |      34 |   0.0 |  1159
          D:15 |       0 |    9588 |   0.0 |       0 |      23 |   0.0 |   820
        Lair:1 |       0 |    4717 |   0.0 |       0 |      26 |   0.0 |  1336
        Lair:2 |       0 |    8910 |   0.0 |       0 |      30 |   0.0 |  1977
        Lair:3 |       0 |    5481 |   0.0 |       0 |      20 |   0.0 |  1389
        Lair:4 |       0 |    6148 |   0.0 |       0 |      33 |   0.0 |   757
        Lair:5 |       0 |    7172 |   0.0 |       0 |      30 |   0.0 |  1146
        Lair:6 |       0 |   25654 |   0.0 |       0 |      59 |   0.0 |  2504
      Spider:1 |       0 |   27442 |   0.0 |       0 |      72 |   0.0 |  1206
      Spider:2 |       0 |   14438 |   0.0 |       0 |      41 |   0.0 |   870
      Spider:3 |       0 |   16259 |   0.0 |       0 |      33 |   0.0 |   765
      Spider:4 |       0 |   35963 |   0.0 |       0 |      59 |   0.0 |  1362
         Orc:1 |       0 |    5576 |   0.0 |       0 |      34 |   0.0 |   483
         Orc:2 |       0 |    6429 |   0.0 |       0 |      52 |   0.0 |  1000
      Vaults:1 |       0 |   37299 |   0.0 |       0 |      76 |   0.0 |  1284
      Vaults:2 |       0 |    8116 |   0.0 |       0 |      11 |   0.0 |   172
           Lab |       0 |    1065 |   0.0 |       0 |       1 |   0.0 |   376
         Sewer |       0 |     450 |   0.0 |       0 |      63 |   0.0 |  1505
         IceCv |       0 |    7206 |   0.0 |       0 |      22 |   0.0 |   470
        WizLab |       0 |   12720 |   0.0 |       0 |      33 |   0.0 |   560
               +---------+---------+-------+---------+---------+-------+---------
